 Dungeon Crawl Stone Soup version 0.26-a0-648-g87339cca5e (webtiles) character file.

Game seed: 3399230980957216519

59 Colgate the Skirmisher (level 4, 29/29 HPs)
             Began as a Gargoyle Monk on Sept 25, 2020.
             Quit the game on level 2 of the Dungeon.
             The game lasted 00:08:38 (963 turns).

Colgate the Skirmisher (Gargoyle Monk)               Turns: 963, Time: 00:08:38

Health: 29/29      AC:  9    Str: 14    XL:     4   Next: 3%
Magic:  4/4        EV: 11    Int: 11    God:
Gold:   140        SH:  0    Dex: 13    Spells: 3/3 levels left

rFire    . . .     SeeInvis .   b - +0 hunting sling
rCold    . . .     Faith    .   (no shield)
rNeg     + . .     Spirit   .   o - +0 ring mail
rPois    ∞         Reflect  .   e - +1 hat
rElec    +         Harm     .   (no cloak)
rCorr    .         Rampage  .   (no gloves)
MR       .....                  (no boots)
Stlth    +.........             (no amulet)
HPRegen  0.09/turn              q - ring of flight
MPRegen  0.09/turn              (no ring)

@: no status effects
A: negative energy resistance 1, electricity resistance, unbreathing,
petrification resistance, rot immunity, AC +3
a: Evoke Flight


You were on level 2 of the Dungeon.
You visited 1 branch of the dungeon, and saw 2 of its levels.

You collected 140 gold pieces.

Inventory:

Hand Weapons
 a - a +4 dagger of venom
 b - a +0 hunting sling (weapon)
Missiles
 c - 6 sling bullets (quivered)
 j - 69 stones
Armour
 d - a +0 robe
 e - a +1 hat (worn)
 l - a +0 leather armour
 o - a +0 ring mail (worn)
Jewellery
 q - a ring of flight (left hand)
Scrolls
 f - 2 scrolls of blinking {unknown}
 g - 3 scrolls of remove curse {unknown}
 h - a scroll of immolation {unknown}
 i - a scroll of enchant armour {unknown}
 n - a scroll of identify {unknown}
Potions
 k - a potion of haste {unknown}
 m - a potion of mutation {unknown}
 p - a potion of heal wounds {unknown}


   Skills:
 - Level 4.1 Fighting
 + Level 2.4 Slings
 - Level 2.4 Dodging
 - Level 2.1 Stealth
 - Level 3.0 Unarmed Combat


You had 3 spell levels left.
You didn't know any spells.
Your spell library contained the following spells:

 Spells                   Type           Power        Failure   Level
 Confusing Touch          Hex            #.......     91%         3
 Gell's Gravitas          Tloc           #.........   91%         3
 Petrify                  Tmut/Erth      #.......     100%        4
 Metabolic Englaciation   Hex/Ice        #.........   100%        5
 Yara's Violent Unravell  Hex/Tmut       #.........   100%        5


Dungeon Overview and Level Annotations

Branches:
Dungeon (2/15)

Altars:


Innate Abilities, Weirdness & Mutations

You are resistant to torment.
Your stone body is resilient. (AC +3)
You are immune to poison.
You resist negative energy. (rN+)
You are resistant to electric shocks. (rElec)
You can survive without breathing.
You are immune to petrification.
You are immune to rotting.


Message History

The kobold throws a stone.
The stone hits you but does no damage.
Found a stone staircase leading down.
You see here a stone.
You shoot a sling bullet. The sling bullet hits the kobold.
You kill the kobold!
j - 51 stones (gained 1)
Found 14 stones.
c - 3 sling bullets (gained 1)
You see here a kobold corpse.
c - 4 sling bullets (gained 1)
You see here a rat corpse.
Found a rapier.
c - 5 sling bullets (gained 1)
j - 65 stones (gained 14)
c - 6 sling bullets (gained 1);
j - 69 stones (gained 4)
You see here a +0 whip of draining.
Saving game... please wait.
Welcome back, Colgate the Gargoyle Monk.
Press ? for a list of commands and other information.
Are you sure you want to abandon this character and quit the game? (Confirm with "yes".)

#.#P.....#.#†..#
#.#......#.#...#
#.########.#...#
#..........##..##
##############..###.#
#......#
###########.#####
#.........†.##
#....@.......##
#...........†.#
#.............#
#..........#..#
#.....[....#..#
#..........#.>#
#..........####
+).........#
#............


There were no monsters in sight!

Vanquished Creatures
  An adder (D:2)
  A howler monkey skeleton (D:2)
  2 oozes (D:1)
  2 worms (D:2)
  A bat (D:1)
  A giant cockroach (D:1)
  3 goblins (D:1)
  2 hobgoblins (D:2)
  2 jackals (D:1)
  4 kobolds
  2 frilled lizards (D:1)
  7 rats
28 creatures vanquished.

Notes
Turn   | Place    | Note
-------+----------+-------------------------------------------
     0 | D:1      | Colgate the Gargoyle Monk began the quest for the Orb.
     0 | D:1      | Reached XP level 1. HP: 14/14 MP: 1/1
    61 | D:1      | Reached XP level 2. HP: 20/20 MP: 2/2
    80 | D:1      | Reached skill level 4 in Fighting
   382 | D:1      | Reached skill level 1 in Slings
   389 | D:1      | Reached XP level 3. HP: 24/24 MP: 3/3
   929 | D:2      | Reached XP level 4. HP: 29/29 MP: 4/4
   963 | D:2      | Quit the game

Illustrated notes

Levels and vault maps discovered:
D:1:      minmay_arrival_four_circles, layout_rooms, minmay_misc_feat_cross
D:2:      cheibrodos_old_hovel, layout_basic, nemelex_dance_club_becter

Skill      XL: |  1  2  3 |
---------------+----------+-----
Fighting       | 4 |  4.1
Slings         | 1 2 |  2.4
Dodging        | |  2.4
Stealth        | |  2.1
Unarmed Combat | |  3.0

Action                   |  1- 3 |  4- 6 || total
-------------------------+-------+-------++-------
Melee: Unarmed           |     2 |       ||     2
       Dagger            |    24 |       ||    24
 Fire: Hunting sling     |    50 |     3 ||    53
Armor: Robe              |     1 |       ||     1
       Ring mail         |     5 |       ||     5
Dodge: Dodged            |     9 |       ||     9

Table legend: (Time is in decaauts)
 A = Elapsed time spent in this place.
 B = Non-inter-level travel time spent in this place.
 C = Inter-level travel time spent in this place.
 D = Time resting spent in this place.
 E = Time spent auto-exploring this place.
 F = Levels seen in this place.
 G = Mean time per level.
                   A        B        C        D        E       F      G
               +--------+--------+--------+--------+--------+-----+--------+
         Total |    957 |    883 |     74 |      0 |    648 |   2 |  478.5 |
       Dungeon |    957 |    883 |     74 |      0 |    648 |   2 |  478.5 |
               +--------+--------+--------+--------+--------+-----+--------+

Top non-repeatable levels by time:
     D:1: 597 daAuts
     D:2: 360 daAuts
